 Dungeon Crawl Stone Soup version 0.19-a0-1170-g18f0c96 (webtiles) character file.

144 epen the Ducker (level 5, -2/42 HPs)
             Began as a Merfolk Monk on Aug 17, 2016.
             Was a Follower of Uskayaw.
             Killed from afar by an orc wizard (6 damage)
             ... with a puff of flame
             ... on level 4 of the Dungeon.
             The game lasted 00:03:00 (2761 turns).

epen the Ducker (Merfolk Monk)                      Turns: 2761, Time: 00:03:01

Health: -2/42      AC:  7    Str: 13    XL:     5   Next: 26%
Magic:  5/5        EV: 19    Int:  9    God:    Uskayaw [*.....]
Gold:   142        SH:  0    Dex: 21    Spells: 0 memorised, 4 levels left

rFire  . . .     SeeInvis .     a - +0 spear
rCold  . . .     Gourm    .     h - +0 ring mail (curse)
rNeg   . . .     Faith    .     (no shield)
rPois  .         Spirit   .     (no helmet)
rElec  .         Dismiss  .     (no cloak)
rCorr  .         Reflect  .     (no gloves)
MR     .....     Harm     .     y - +1 pair of boots
Stlth  +++.......               (no amulet)
                                (no ring)
                                (no ring)

@: agile, very slightly contaminated, hasted, very quick
A: change form in water, swift swim
a: Stomp, Renounce Religion


You were on level 4 of the Dungeon.
You worshipped Uskayaw.
Uskayaw was noncommittal.
You were not hungry.

You visited 1 branch of the dungeon, and saw 4 of its levels.

You collected 142 gold pieces.

Inventory:

Hand Weapons
 a - a +0 spear (weapon)
Armour
 b - a +0 robe
 h - a cursed +0 ring mail (worn)
 y - a +1 pair of boots (worn)
Wands
 x - a wand of lightning (8/15)
Scrolls
 d - 4 scrolls of identify {unknown}
 e - a scroll of recharging {unknown}
 f - 2 scrolls of blinking {unknown}
 g - 2 scrolls of remove curse {unknown}
 j - a scroll of magic mapping {unknown}
 k - a scroll of amnesia {unknown}
 l - a scroll of random uselessness {unknown}
 p - a scroll of teleportation {unknown}
 v - a scroll of noise {unknown}
 w - a scroll of enchant weapon {unknown}
Potions
 n - a potion of brilliance {unknown}
 r - a potion of agility
 t - a potion of flight {unknown}
 u - a potion of lignification {unknown}
Books
 q - a book of the Sky

   Spells                             Type                      Level
   a - Summon Lightning Spire         Summoning/Air                4
   b - Airstrike                      Air                          4
   c - Silence                        Hexes/Air                    5
   d - Deflect Missiles               Charms/Air                   6
   e - Conjure Ball Lightning         Conjuration/Air              6
   f - Tornado                        Air                          9
Comestibles
 c - 7 bread rations
 i - a meat ration
 s - 3 fruits


   Skills:
 + Level 4.0 Fighting
 + Level 5.0 Polearms
 * Level 1.8 Armour
 + Level 5.0 Dodging
 + Level 3.1 Stealth


You had 4 spell levels left.
You didn't know any spells.

Dungeon Overview and Level Annotations

Branches:
Dungeon (4/15)
 Temple: D:4-7

Altars:
Elyvilon
Fedhas
Pakellas
Ru
Uskayaw
Vehumet


Message History

The orc is severely wounded.
You closely miss something.
An orc wizard appears from thin air!
Reactivating autopickup.
You hit the orc wizard.
The orc wizard is heavily wounded.
You hit the orc wizard but do no damage.
The orc wizard is heavily wounded.
The orc wizard closely misses you.
You hit the orc wizard but do no damage.
The orc wizard is heavily wounded.
You hit the orc wizard.
The orc wizard is severely wounded.
The orc wizard casts a spell at you. The puff of flame hits you!
* * * LOW HITPOINT WARNING * * *
You closely miss the orc wizard.
The orc wizard is severely wounded.
The orc wizard points at you and mumbles some strange words.
The puff of flame hits you!
You die...

##.#.o#.#.......#.#.#
#.####... #.
#.#o#w...##.#.###.####...
..
..#.#.#.###..._..........
..
.###.#.#.###...##.#######.
#. .# #....>.)..#.##.###
#. . .. ########w........#
#. ## #.....
#..#.##.#.#####.
#.....##w..............
#.....@oo.#............
#.....##.##.##)........
#..... #.# ##.#.#####.
###### #.. .....# ###.
####.###### #... # #.#.
#.#. #.#. ####.#.


You could see an orc wizard, a dart slug and an orc.

Vanquished Creatures
  A scorpion (D:3)
  Jessica (D:3)
  An adder (D:2)
  2 giant geckos (D:2)
  3 orcs (D:4)
  2 ball pythons (D:4)
  5 giant cockroaches
  7 goblins
  2 hobgoblins
  2 jackals (D:2)
  9 kobolds
  A quokka (D:3)
  9 bats
  4 giant newts
  6 rats
55 creatures vanquished.

Notes
Turn   | Place    | Note
-------+----------+-------------------------------------------
     0 | D:1      | epen the Merfolk Monk began the quest for the Orb.
     0 | D:1      | Reached XP level 1. HP: 18/18 MP: 1/1
   237 | D:1      | Reached XP level 2. HP: 24/24 MP: 2/2
   748 | D:2      | Found a hide-covered altar of Uskayaw.
   748 | D:2      | Noticed a dagger
   748 | D:2      | Noticed a dagger
   754 | D:2      | Became a worshipper of Uskayaw the Reveler
   754 | D:2      | Reached * piety under Uskayaw
   789 | D:2      | Reached XP level 3. HP: 26/29 MP: 3/3
   789 | D:2      | Reached ** piety under Uskayaw
  1198 | D:2      | Reached skill level 1 in Armour
  1469 | D:3      | Found a sacrificial altar of Ru.
  1581 | D:3      | Found an oddly glowing altar of Pakellas.
  1589 | D:3      | Noticed Jessica
  1598 | D:3      | Killed Jessica
  1598 | D:3      | Reached XP level 4. HP: 21/37 MP: 4/4
  1919 | D:3      | Found a radiant altar of Vehumet.
  2037 | D:3      | Reached skill level 5 in Dodging
  2037 | D:3      | Reached XP level 5. HP: 15/42 MP: 5/5
  2342 | D:3      | Found a white marble altar of Elyvilon.
  2633 | D:4      | Reached skill level 5 in Polearms
  2670 | D:4      | Found a blossoming altar of Fedhas.
  2761 | D:4      | Killed from afar by an orc wizard

Vault maps used:
D:1:      dpeg_arrival_ratfight, kennysheep_boxes
D:2:      dancing_weapons_uskayaw, first_bread, minivault_23
D:3:      overflow_temple_1_default, lemuel_coloured_pillars_altar,
          elyvilon_altar_1, grunt_pakellas_basics, kennysheep_cross_bottleneck,
          uniq_jessica
D:4:      overflow_temple_1_default

Skill      XL: |  1  2  3  4  5 |
---------------+----------------+-----
Armour         | 1 |  1.8
Fighting       | 4 |  4.0
Dodging        | 5 |  5.0
Stealth        | 3 |  3.1
Polearms       | 5 |  5.0

Action                   |  1- 3 |  4- 6 || total
-------------------------+-------+-------++-------
Melee: Spear             |   156 |    98 ||   254
  Use: Potion            |       |     3 ||     3
 Stab: Sleeping          |     7 |     4 ||    11
  Eat: Chunk             |     2 |     4 ||     6
Armor: Robe              |     2 |       ||     2
       Ring mail         |    31 |    24 ||    55
Dodge: Dodged            |    85 |    38 ||   123
